 Dungeon Crawl Stone Soup version 0.28-a0-697-g47f3eba078 (webtiles) character file.

Game seed: 8916028629871469719

455 lorenzova the Magician (level 6, -7/32 HPs)
             Began as a Deep Elf Conjurer on Oct 23, 2021.
             Mangled by a troll zombie (8 damage)
             ... in an ossuary.
             The game lasted 00:07:34 (3925 turns).

lorenzova the Magician (Deep Elf Conjurer)          Turns: 3925, Time: 00:07:35

Health: -7/32      AC:  4    Str:  4    XL:     6   Next: 76%
Magic:  9/18       EV: 11    Int: 25    God:
Gold:   155        SH:  0    Dex: 13    Spells: 16/19 levels left

rFire   + . .      SeeInvis +   n - +0 falchion (freeze)
rCold   . . .      Faith    .   (no shield)
rNeg    . . .      Spirit   .   j - +1 leather armour {rF+}
rPois   .          Reflect  .   (no helmet)
rElec   .          Harm     .   (no cloak)
rCorr   .          Rampage  .   (no gloves)
Will    .....                   (no boots)
Stlth   ++........              (no amulet)
HPRegen 0.10/turn               p - ring of see invisible
MPRegen 0.16/turn               (no ring)

@: no status effects
A: no striking features
a: no special abilities


You were in an ossuary.
You visited 1 branch of the dungeon, and saw 4 of its levels.
You also visited: Ossuary.

You collected 155 gold pieces.

Inventory:

Hand Weapons
 n - a +0 falchion of freezing (weapon)
Armour
 j - a +1 leather armour of fire resistance (worn)
Magical Staves
 l - a staff of earth
Jewellery
 p - a ring of see invisible (left hand)
Scrolls
 b - a scroll of fog {unknown}
 c - a scroll of identify {unknown}
 h - a scroll of magic mapping {unknown}
 i - 2 scrolls of vulnerability {unknown}
 m - a scroll of torment {unknown}
Potions
 e - 2 potions of lignification {unknown}
 f - 3 potions of magic {unknown}
 g - 2 potions of curing {unknown}
 k - a potion of attraction {unknown}
 o - a potion of mutation {unknown}


   Skills:
 - Level 2.4 Dodging
 - Level 2.4 Stealth
 + Level 7.2 Spellcasting
 + Level 7.1 Conjurations


You had 16 spell levels left.
You knew the following spells:

 Your Spells              Type           Power      Damage    Failure   Level
a - Magic Dart            Conj           100%       1d8       1%          1
b - Searing Ray           Conj           88%        2d7       1%          2

Your spell library contained the following spells:

 Spells                   Type           Power      Damage    Failure   Level
 Static Discharge         Conj/Air       26%        N/A       4%          2
 Dazzling Flash           Conj/Hex       52%        N/A       9%          3
 Fulminant Prism          Conj/Hex       13%        3d9       26%         4
 Iskenderun's Mystic Bla  Conj/Tloc      26%        2d7       26%         4
 Lightning Bolt           Conj/Air       13%        1d26      58%         5
 Starburst                Conj/Fire      13%        6d5       99%         6
 Maxwell's Capacitive Co  Air            4%         ∞         100%        8


Dungeon Overview and Level Annotations

Branches:
Dungeon (4/15)            Ossuary (1/1)
 Temple: D:4-7

Altars:
Uskayaw
Beogh

Shops:
D:2 :

Annotations:
D:3 3 runed translucent doors, Voker57's ghost, amateur DgWz


Message History

Aiming: Searing Ray (safe; 1% risk of failure)
Press: ? - help, Shift-Dir - straight line, f - troll zombie
Aim: a troll zombie (dormant, 100% to hit)
The searing ray hits the troll zombie.
The troll zombie is lightly damaged. (Press . to maintain the ray.)
The searing ray hits the troll zombie.
The troll zombie is lightly damaged.
The searing ray hits the troll zombie!
The troll zombie is moderately damaged.
The searing ray hits the troll zombie.
The troll zombie is moderately damaged.
You finish channelling your searing ray.
The troll zombie barely misses you. The troll zombie closely misses you.
The troll zombie barely misses you.
Casting: Searing Ray (safe; 1% risk of failure)
Confirm with . or Enter, or press ? or * to list all spells.
Aiming: Searing Ray (safe; 1% risk of failure)
Press: ? - help, Shift-Dir - straight line, f/p - troll zombie
Aim: a troll zombie (moderately damaged, 94% to hit)
The searing ray hits the troll zombie!
The troll zombie is heavily damaged. (Press . to maintain the ray.)
The searing ray hits the troll zombie.
The troll zombie is heavily damaged.
The troll zombie bites you! The troll zombie barely misses you.
The troll zombie claws you.
The searing ray hits the troll zombie.
The troll zombie is severely damaged.
The troll zombie bites you.
* * * LOW HITPOINT WARNING * * *
The troll zombie closely misses you.
The troll zombie claws you but does no damage.
The searing ray hits the troll zombie!
The troll zombie is almost destroyed.
You finish channelling your searing ray.
The troll zombie bites you.
* * * LOW HITPOINT WARNING * * *
The troll zombie closely misses you. The troll zombie claws you!
You die...

...................∩#
....................#
'###'###'###'#####..#
.#...#...#...#...#..#
###'####'#######.#..#
#....#....#....#.'..#
#....#....#....###..#
#....#....#....Z.#..#
#....#....# #@#..#
########### #.'..# #
###..# # #..# # #..#
# +..# # #..# # #..#
# #..#


You could see a troll zombie.

Vanquished Creatures
  Grinder (D:3)
  2 centaur zombies (Ossuary)
  An ogre zombie (Ossuary)
  2 mummies (Ossuary)
  3 adders
  3 gnolls (D:2)
  9 adder zombies (Ossuary)
  2 worms (D:2)
  2 dart slugs
  An orc (D:3)
  2 endoplasms (D:1)
  2 giant cockroaches (D:1)
  2 goblins
  3 hobgoblins
  2 quokkas (D:3)
  8 ball pythons
  9 bats
  2 frilled lizards
  2 goblin zombies (Ossuary)
  A hobgoblin zombie (Ossuary)
  A kobold (D:3)
  7 kobold zombies (Ossuary)
  2 quokka zombies (Ossuary)
  3 rats
  A rat zombie (Ossuary)
73 creatures vanquished.

Notes
Turn   | Place    | Note
-------+----------+-------------------------------------------
     0 | D:1      | lorenzova the Deep Elf Conjurer began the quest for the
                  | Orb.
     0 | D:1      | Reached XP level 1. HP: 10/10 MP: 6/6
   362 | D:1      | Reached XP level 2. HP: 15/15 MP: 6/8
   365 | D:1      | Learned a level 2 spell: Searing Ray
   413 | D:1      | Found a faded altar of an unknown god.
  1211 | D:2      | Found Causokhleti's Book Boutique.
  1253 | D:2      | Reached skill level 5 in Conjurations
  1253 | D:2      | Reached XP level 3. HP: 19/19 MP: 2/10
  1558 | D:2      | Reached XP level 4. HP: 19/24 MP: 0/12
  1960 | D:3      | Found a runed translucent gate.
  1960 | D:3      | Found a runed translucent gate.
  1960 | D:3      | Found a runed translucent gate.
  1962 | D:3      | Noticed Voker57's ghost (amateur DgWz)
  1963 | D:3      | Identified the +0 scale mail of Weaph {Will- rCorr Slay+2}
  2239 | D:3      | Noticed Grinder
  2252 | D:3      | Killed Grinder
  2253 | D:3      | Reached XP level 5. HP: 11/28 MP: 2/15
  2253 | D:3      | Reached XP level 6. HP: 13/32 MP: 2/17
  3049 | D:4      | Found a hide-covered altar of Uskayaw.
  3171 | D:4      | Found a sand-covered staircase.
  3177 | Ossuary  | Entered an ossuary
  3925 | Ossuary  | HP: 1/32 [troll zombie (6)]
  3925 | Ossuary  | Mangled by a troll zombie

Illustrated notes

Levels and vault maps discovered:
D:1:      dpeg_arrival_simpleton_a, layout_loops_corners,
          shapermc_ecumenical_altar_totnotflames
D:2:      layout_basic, serial_shops, nicolae_lakefront_shop
D:3:      layout_loops_ring, biasface_ghost_orc_armoury, uniq_grinder
D:4:      layout_basic, mainiacjoe_overflow_tiny_flanked,
          nicolae_overflow_crystal_walls,
          mainiacjoe_overflow_concentric_impassable, enter_ossuary_2,
          minmay_ruined_shrine
Ossuary:  ossuary_boxes_badplayer

Skill      XL: |  1  2  3  4  5  6 |
---------------+-------------------+-----
Spellcasting   | 4 6 7 |  7.2
Conjurations   | 5 6 7 |  7.1
Dodging        | |  2.4
Stealth        | |  2.4

Action                   |  1- 3 |  4- 6 || total
-------------------------+-------+-------++-------
Melee: Falchion          |       |     6 ||     6
 Cast: Magic Dart        |    51 |    70 ||   121
       Searing Ray       |     3 |    20 ||    23
 Stab: Sleeping          |       |     2 ||     2
Armor: Leather armour    |       |    18 ||    18
Dodge: Dodged            |     4 |    24 ||    28

Table legend: (Time is in decaauts)
 A = Elapsed time spent in this place.
 B = Non-inter-level travel time spent in this place.
 C = Inter-level travel time spent in this place.
 D = Time resting spent in this place.
 E = Time spent auto-exploring this place.
 F = Levels seen in this place.
 G = Mean time per level.
                   A        B        C        D        E       F      G
               +--------+--------+--------+--------+--------+-----+--------+
         Total |   3926 |   3768 |    158 |   1420 |   1754 |   5 |  785.2 |
       Dungeon |   3177 |   3019 |    158 |    975 |   1754 |   4 |  794.2 |
       Ossuary |    749 |    749 |      0 |    445 |      0 |   1 |  749.0 |
               +--------+--------+--------+--------+--------+-----+--------+

Top non-repeatable levels by time:
     D:3: 1192 daAuts
     D:1: 1162 daAuts
 Ossuary: 749 daAuts
     D:2: 719 daAuts
     D:4: 102 daAuts
